 Dungeon Crawl Stone Soup version 0.29-a0-919-gd064cfad1c (webtiles) character file.

Game seed: 5035360129503597209

2 IdlyInterested the Changer (level 1, -2/13 HPs)
             Began as a Demonspawn Wanderer on July 26, 2022.
             Slain by a gnoll
             ... wielding a +0 club
              (9 damage)
             ... on level 1 of the Dungeon.
             The game lasted 00:01:41 (88 turns).

IdlyInterested the Changer (Demonspawn Wanderer)      Turns: 88, Time: 00:01:41

Health: -2/13      AC:  2    Str:  9    XL:     1   Next: 33%
Magic:  0/3        EV: 11    Int: 11    God:
Gold:   0          SH:  0    Dex: 17    Spells: 3/4 levels left

rFire   . . .      SeeInvis .   h - staff of poison
rCold   . . .      Faith    .   (no shield)
rNeg    . . .      Spirit   .   f - +0 robe
rPois   +          Reflect  .   (no helmet)
rElec   .          Harm     .   (no cloak)
rCorr   .          Rampage  .   (no gloves)
Will    .....                   (no boots)
Stlth   ++........              (no amulet)
HPRegen 0.04/turn               (no ring)
MPRegen 0.08/turn               (no ring)

@: no status effects
A: no striking features
a: no special abilities


You were on level 1 of the Dungeon.
You visited 1 branch of the dungeon, and saw 1 of its levels.

Inventory:

Hand Weapons
 a - a +0 dagger
Missiles
 b - 2 atropa-tipped darts
 c - a datura-tipped dart
Armour
 f - a +0 robe (worn)
Magical Staves
 h - a staff of poison (weapon)
Scrolls
 d - 2 scrolls of butterflies
Potions
 e - a potion of heal wounds
 g - a potion of berserk rage {unknown}


   Skills:
 * Level 0.3 Fighting
 - Level 0.1 Short Blades
 + Level 0.0 Staves
 - Level 1.7 Throwing
 - Level 2.6 Stealth
 - Level 2.0 Spellcasting
 * Level 2.7 Transmutations


You had 3 spell levels left.
You knew the following spells:

 Your Spells              Type           Power      Damage    Failure   Level
a - Sting                 Tmut/Pois      24%        1d4       17%         1

Your spell library contained the following spells:

 Spells                   Type           Power      Damage    Failure   Level
 Ignite Poison            Fire/Tmut/Pois 4%         N/A       52%         3


Dungeon Overview and Level Annotations

Branches:
Dungeon (1/15)

Altars:


Message History

h - a staff of poison
h - a staff of poison (weapon)
Setting a skill training target for Staves at 12.0.
A gnoll comes into view. It is wielding a +0 club.
You see here an atropa-tipped dart.
b - 2 atropa-tipped darts (gained 1)
Okay, then.
You start resting.
Magic restored.
A bat comes into view.
Found 9 gold pieces.
The helpless gnoll fails to defend itself.
You hit the gnoll.
The gnoll is lightly wounded.
The gnoll closely misses you.
Aiming: Sting (safe; 17% risk of failure)
Press: ? - help, Q - select action, (/) - cycle Shift-Dir - straight line, f - gnoll
Aim: a gnoll, wielding a +0 club (lightly wounded, 72% to hit)
You feel a surge of power!
The sting hits the gnoll.
The gnoll is poisoned.
The gnoll is lightly wounded.
The gnoll hits you with a +0 club.
Aiming: Sting (safe; 17% risk of failure)
Press: ? - help, Q - select action, (/) - cycle Shift-Dir - straight line, f/p - gnoll
Aim: a gnoll, wielding a +0 club (moderately wounded, poisoned, 72% to hit)
You feel a surge of power!
The sting hits the gnoll but does no damage.
The gnoll looks even sicker.
The gnoll is moderately wounded.
The gnoll closely misses you.
Aiming: Sting (safe; 17% risk of failure)
Press: ? - help, Q - select action, (/) - cycle Shift-Dir - straight line, f/p - gnoll
Aim: a gnoll, wielding a +0 club (heavily wounded, very poisoned, 72% to hit)
You feel a surge of power!
The sting hits the gnoll.
The gnoll looks even sicker.
The gnoll is severely wounded.
The gnoll hits you with a +0 club.
You barely miss the gnoll.
The gnoll is severely wounded.
The gnoll hits you with a +0 club!
Ouch! That really hurt!
You die...

#.....................######.
.............#.####.#.######.
(................##..........
.........##..########.######.
........###..# #.# #. #####.#
#..# #.# #. #. ##.########.#
#. . #...^....... #.
#@......b... .. #g...$.....
#. #.#.##### #.#.# #.#..
####.# .. ..


You could see a gnoll (very poisoned) and a bat (asleep).

Vanquished Creatures
  2 ball pythons (D:1)
  A rat (D:1)
3 creatures vanquished.

Notes
Turn   | Place    | Note
-------+----------+-------------------------------------------
     0 | D:1      | IdlyInterested the Demonspawn Wanderer began the quest for
                  | the Orb.
     0 | D:1      | IdlyInterested set off with the following items: a +0
                  | dagger, 2 atropa-tipped darts, a datura-tipped dart, a
                  | scroll of butterflies, a potion of heal wounds, a +0 robe;
                  | and the following spell memorised: Sting; and the following
                  | spells available to memorise: Ignite Poison.
     0 | D:1      | Reached XP level 1. HP: 13/13 MP: 3/3
    88 | D:1      | Slain by a gnoll

Illustrated notes

Levels and vault maps discovered:
D:1:      tarquinn_simple_flora_water_f, layout_basic,
          nicolae_ecumenical_snake_handling

Action                   || total
-------------------------++-------
Melee: Dagger            ||     3
       Staff             ||     2
Throw: Dart              ||     1
 Cast: Sting             ||     4
 Stab: Sleeping          ||     3
Dodge: Dodged            ||     2

Table legend: (Time is in decaauts)
 A = Elapsed time spent in this place.
 B = Non-inter-level travel time spent in this place.
 C = Inter-level travel time spent in this place.
 D = Time resting spent in this place.
 E = Time spent auto-exploring this place.
 F = Levels seen in this place.
 G = Mean time per level.
                   A        B        C        D        E       F      G
               +--------+--------+--------+--------+--------+-----+--------+
         Total |     87 |     87 |      0 |      0 |     42 |   1 |   87.0 |
       Dungeon |     87 |     87 |      0 |      0 |     42 |   1 |   87.0 |
               +--------+--------+--------+--------+--------+-----+--------+

Top non-repeatable levels by time:
     D:1: 87 daAuts
